 Dungeon Sprint DCSS version 0.30-a0-371-gad7725a93e (webtiles) character file.

Game seed: 3235315514919670333

42 Kingsmith the Magician (level 3, -1/30 HPs)
             Began as a Djinni Air Elementalist on Nov 21, 2022.
             Splashed by a jelly's acid (8 damage)
             ... in the Dungeon (Sprint IX: "|||||||||||||||||||||||||||||").
             The game lasted 00:00:41 (48 turns).

Kingsmith the Magician (Djinni Air Elementalist)      Turns: 48, Time: 00:00:41

Health: -1/30      AC:  2    Str:  9    XL:     3   Next: 80%
Gold:   0          EV: 12    Int: 16    God:
                   SH:  0    Dex: 13

rFire   + + .      SeeInvis .    g - +0 club
rCold   x . .      Faith    .    (no shield)
rNeg    . . .      Spirit   .    a - +0 robe
rPois   ∞          Reflect  .    (no helmet)
rElec   .          Harm     .    (no cloak)
rCorr   .          Rampage  .    (no gloves)
Will    .....      NoTele   +    (boots unavailable)
Stlth   ++........               (no amulet)
HPRegen 0.25/turn                (no ring)
MPRegen 0.00/turn                (no ring)

@: on berserk cooldown, flying, hasted and slowed
A: sickness immunity, fire resistance 2, cold vulnerability 1, float, innate
caster, HP casting, extra vitality 1
a: no special abilities


You were in the Dungeon.
You visited 1 branch

Inventory:

Hand Weapons
 g - a +0 club (weapon)
Armour
 a - a +0 robe (worn)
Scrolls
 f - a scroll of blinking
Potions
 b - a potion of curing
 c - a potion of heal wounds


   Skills:
 * Level 3.2 Fighting
 + Level 2.1 Armour
 - Level 2.6 Dodging
 - Level 1.8 Stealth
 * Level 4.4 Spellcasting


You couldn't memorise any spells.
You knew the following spells:

 Your Spells              Type           Power      Damage    Failure   Level
a - Shock                 Conj/Air       68%        1d7       2%          1
b - Static Discharge      Conj/Air       34%        2-4/arc   4%          2
c - Swiftness             Air            17%        N/A       8%          3
d - Airstrike             Air            8%         2d(2-18)  26%         4
e - Kiss of Death         Conj/Necr      68%        2d10      2%          1
Your spell library was empty.

Dungeon Overview and Level Annotations

Branches:
Dungeon (1/1)

Altars:


Innate Abilities, Weirdness & Mutations

You are immune to sickness and miasma.
You are immune to poison.
Your flesh is very heat resistant. (rF++)
You are vulnerable to cold. (rC-)
You float through the air rather than walking.
You learn spells naturally, not from books.
Your magical power is your life essence.
You have superior vitality. (+4 MHP)


Message History

The gnoll closely misses you.
You barely miss the gnoll.
The gnoll is moderately wounded.
The gnoll hits you with a +0 club.
You hit the gnoll.
The gnoll is severely wounded.
The gnoll closely misses you.
You hit the gnoll.
You kill the gnoll!
Your Fighting skill increases to level 1!
Your Armour skill increases to level 1!
You barely miss the jackal.
The jackal is severely wounded.
The jackal closely misses you.
You sock the jackal!
You kill the jackal!
You hit the iguana.
The iguana is heavily wounded.
The iguana barely misses you.
You sock the iguana!
You kill the iguana!
Your Fighting skill gained 2 levels and is now at level 3!
Your Armour skill increases to level 2!
Your Spellcasting skill increases to level 4!
You have reached level 3!
Your experience leads to an increase in your attributes!
Increase (S)trength, (I)ntelligence, or (D)exterity?
You feel stronger. x2
The power to cast Kiss of Death wells up from within.
Spell assigned to 'e'.
You are no longer berserk.
You are exhausted.
You feel yourself slow down. The jelly barely misses you.
Items here: ) †††.
You hit the jelly but do no damage.
Your hands burn!
* * * LOW HITPOINT WARNING * * *
The jelly hits you.
* * * LOW HITPOINT WARNING * * *
You are splashed with acid!
You die...

▓.▓
▓.▓
▓.▓
▓'▓
▓.▓
▓.▓
▓O▓
▓J▓
▓@▓
▓†▓
▓.▓
▓.▓
▓.▓
▓<▓
▓▓▓


You could see an ogre and a jelly.

Vanquished Creatures
  An iguana (D)
  A gnoll (D)
  3 endoplasms (D)
  A goblin (D)
  A hobgoblin (D)
  A jackal (D)
8 creatures vanquished.

Notes
Turn   | Place    | Note
-------+----------+-------------------------------------------
     0 | D        | Kingsmith the Djinni Air Elementalist began the quest for
                  | the Orb.
     0 | D        | Kingsmith set off with the following spells memorised:
                  | Shock, Static Discharge, Swiftness, Airstrike.
     0 | D        | Reached XP level 1. HP: 15/15 MP: 0/0
     8 | D        | Reached skill level 3 in Spellcasting
     8 | D        | Reached XP level 2. HP: 17/21 MP: 0/0
    24 | D        | Noticed an ogre
    43 | D        | Reached skill level 1 in Fighting
    43 | D        | Reached skill level 1 in Armour
    47 | D        | Reached skill level 4 in Spellcasting
    47 | D        | Reached XP level 3. HP: 18/30 MP: 0/0
    47 | D        | Learned a level 1 spell: Kiss of Death
    48 | D        | Splashed by a jelly's acid

Illustrated notes

Levels and vault maps discovered:
D:        linesprint [early_d, line_temple, items_1, d_10, items_2, lair_1,
          lair_end, items_3, orc_1, orc_end, items_4, d_15, swamp_1, shoals_1,
          snake_1, spider_1, d_20, vaults_1, items_5, swamp_end, shoals_end,
          snake_end, spider_end, vaults_end, d_27, items_6, zot_1, zot_end,
          crypt_end, forest_end, elf_end, slime_end, tomb_end, abyss_end,
          pan_hell_end]

Skill      XL: |  1  2 |
---------------+-------+-----
Spellcasting   | 3 4 |  4.4
Fighting       | 3 |  3.2
Armour         | 2 |  2.1
Dodging        | |  2.6
Stealth        | |  1.8

Action                   || total
-------------------------++-------
Melee: Club              ||    13
 Cast: Shock             ||     4
  Use: Potion            ||     2
Armor: Robe              ||     1
Dodge: Dodged            ||    12

Table legend: (Time is in decaauts)
 A = Elapsed time spent in this place.
 B = Non-inter-level travel time spent in this place.
 C = Inter-level travel time spent in this place.
 D = Time resting spent in this place.
 E = Time spent auto-exploring this place.
 F = Levels seen in this place.
 G = Mean time per level.
                   A        B        C        D        E       F      G
               +--------+--------+--------+--------+--------+-----+--------+
         Total |     45 |     45 |      0 |     10 |      0 |   1 |   45.0 |
       Dungeon |     45 |     45 |      0 |     10 |      0 |   1 |   45.0 |
               +--------+--------+--------+--------+--------+-----+--------+

Top non-repeatable levels by time:
       D: 45 daAuts
